 Dungeon Crawl Stone Soup version 0.19-a0-1511-g16f215b (webtiles) character file.

92817 Charly the Devastator (level 15, -3/78 HPs)
             Began as a Deep Elf Fire Elementalist on Sept 11, 2016.
             Was an Elder of Sif Muna.
             Slain by a wolf spider zombie (18 damage)
             ... on level 14 of the Dungeon.
             The game lasted 03:53:54 (8208 turns).

Charly the Devastator (Deep Elf Fire Elementalist)  Turns: 8208, Time: 03:53:55

Health: -3/78      AC:  6    Str:  3    XL:     15   Next: 22%
Magic:  14/36      EV: 25    Int: 26    God:    Sif Muna [****..]
Gold:   179        SH:  0    Dex: 15    Spells: 9 memorised, 3 levels left

rFire  + + .     SeeInvis .     G - staff of earth
rCold  . . .     Gourm    .     O - +1 robe of Love and Death {rF+ rC+} (curse)
rNeg   . . .     Faith    +     (no shield)
rPois  +         Spirit   .     (no helmet)
rElec  .         Dismiss  .     S - +2 cloak
rCorr  .         Reflect  .     (no gloves)
MR     ++...     Harm     .     (no boots)
Stlth  ++........               e - amulet of faith
                                f - ring of Qoficver {Fire rPois MR+ Str-3 Slay+3}
                                h - +6 ring of evasion

@: repel missiles, divine energy
A: no striking features
a: Stop Divine Energy, Channel Magic, Forget Spell, Renounce Religion
}: 1/15 runes: barnacled


You were on level 14 of the Dungeon.
You worshipped Sif Muna.
Sif Muna was greatly pleased with you.
You were not hungry.

You visited 4 branches of the dungeon, and saw 26 of its levels.
You visited 1 bazaar.
You also visited: Labyrinth.

You collected 1058 gold pieces.
You spent 879 gold pieces at shops.

Inventory:

Hand Weapons
 b - a +0 scythe
 j - a +2 spear of distortion
Missiles
 E - 3 throwing nets (quivered)
Armour
 o - the +3 ring mail of Circular Logic {Regen+ Int+4}
   (You found it in a labyrinth)

   It affects your intelligence (+4).
   It increases your rate of regeneration.
 O - the cursed +1 robe of Love and Death (worn) {rF+ rC+}
   (You bought it in a shop in a bazaar)

   It protects you from fire.
   It protects you from cold.
   It has a curse placed upon it.
 R - a +0 buckler of poison resistance
 S - a +2 cloak (worn)
Magical Staves
 a - an uncursed staff of wizardry
 G - an uncursed staff of earth (weapon)
Jewellery
 e - an amulet of faith (around neck)
 f - the ring of Qoficver (right hand) {Fire rPois MR+ Str-3 Slay+3}
   (You found it on level 3 of the Lair of Beasts)

   [ring of fire]

   It enhances your fire magic.
   It affects your strength (-3).
   It affects your accuracy and damage with ranged weapons and melee attacks
   (+3).
   It protects you from fire.
   It makes you vulnerable to cold.
   It protects you from poison.
   It affects your resistance to hostile enchantments.
 h - a +6 ring of evasion (left hand)
 i - an uncursed ring of see invisible
 m - an uncursed ring of protection from magic
 n - an uncursed ring of positive energy
 C - an uncursed ring of resist corrosion
 U - a +3 ring of dexterity
Wands
 s - a wand of polymorph (14/24)
 H - a wand of digging (0/24)
 T - a wand of disintegration (2/24)
Scrolls
 t - 3 scrolls of remove curse
 B - 2 scrolls of recharging
 D - 3 scrolls of magic mapping
 K - 3 scrolls of immolation
 N - 4 scrolls of enchant armour
 Q - a scroll of fog
Potions
 g - 2 potions of agility
 k - a potion of curing
 l - a potion of lignification
 r - 2 potions of mutation
 u - 2 potions of flight
 v - a potion of resistance
 w - 2 potions of cancellation
 x - a potion of ambrosia
 z - a potion of brilliance
 A - a potion of heal wounds
Books
 c - a book of the Warp

   Spells                             Type                      Level
   a - Gell's Gravitas                Hexes/Translocation          3
   b - Force Lance                    Conjuration/Translocation    4
   c - Summon Forest                  Summoning/Translocation      5
   d - Dispersal                      Translocation                6
   e - Controlled Blink               Translocation                8
   f - Disjunction                    Translocation                8
 I - a book of Power

   Spells                             Type                      Level
   a - Fulminant Prism                Conjuration/Hexes            4
   b - Iskenderun's Mystic Blast      Conjuration                  4
   c - Venom Bolt                     Conjuration/Poison           5
   d - Bolt of Magma                  Conjuration/Fire/Earth       5
   e - Iron Shot                      Conjuration/Earth            6
   f - Orb of Destruction             Conjuration                  7
   g - Spellforged Servitor           Conjuration/Summoning        7
 J - a book of Summonings

   Spells                             Type                      Level
   a - Recall                         Summoning/Translocation      3
   b - Aura of Abjuration             Summoning                    5
   c - Summon Demon                   Summoning                    5
   d - Summon Forest                  Summoning/Translocation      5
   e - Summon Mana Viper              Hexes/Summoning              5
   f - Shadow Creatures               Summoning                    6
 P - a book of Air

   Spells                             Type                      Level
   a - Shock                          Conjuration/Air              1
   b - Swiftness                      Charms/Air                   2
   c - Repel Missiles                 Charms/Air                   2
   d - Static Discharge               Conjuration/Air              3
   e - Lightning Bolt                 Conjuration/Air              5
Miscellaneous
 p - a phial of floods
 q - a lamp of fire
Comestibles
 d - 8 meat rations
 F - a bread ration


   Skills:
 - Level 3.0 Fighting
 - Level 9.7 Dodging
 - Level 2.4 Stealth
 + Level 1.9 Shields
 + Level 15.7 Spellcasting
 + Level 16.3 Conjurations
 - Level 2.2 Charms
 - Level 9.7 Translocations
 + Level 12.3 Fire Magic
 - Level 7.6 Earth Magic
 - Level 5.4 Invocations


You had 3 spell levels left.
You knew the following spells:

 Your Spells              Type           Power        Failure   Level  Hunger
b - Bolt of Magma         Conj/Fire/Erth ########..   1%          5    None
d - Dispersal             Tloc           ######....   10%         6    ####...
o - Orb of Destruction    Conj           #######...   2%          7    #####..
p - Passage of Golubria   Tloc           N/A          1%          4    None
r - Regeneration          Chrm/Necr      ####......   6%          3    None
s - Sticky Flame          Conj/Fire      #######.     1%          4    None
B - Fireball              Conj/Fire      #######...   1%          5    None
R - Repel Missiles        Chrm/Air       ####..       2%          2    None
S - Iron Shot             Conj/Erth      #######...   3%          6    ####...


Dungeon Overview and Level Annotations

Branches:
Dungeon (15/15)            Temple (1/1) D:4            Lair (6/6) D:8
 Shoals (4/4) Lair:4        Snake (0/4) Lair:3       Vaults (0/5) D:14
  Slime: Lair:5-6       Orc: D:9-12      Depths: D:15

Altars:
Cheibriados
Elyvilon
Fedhas
Hepliaklqana
Kikubaaqudgha
Nemelex Xobeh
Okawaru
Qazlal
Ru
Sif Muna
Trog
Uskayaw
Vehumet
Yredelemnul
Zin
The Shining One

Shops:
D:8 [   D:9 [   D:10 (   Shoals:3 [*=%

Annotations:
D:5 Pikel
D:10 Harold
D:11 exclusion: cyclops
D:14 Nessos
Lair:2 exclusion: downstairs
Lair:6 exclusions: oklob plant, upstairs and 3 more exclusions
Shoals:3 exclusions: Roxanne and 3 more exclusions, Roxanne
Shoals:4 Ilsuiw


Message History

Found a stone staircase leading down.
A zombie and a skeleton come into view.
You feel somewhat more hungry. The wolf spider zombie hits you!
* * * LOW HITPOINT WARNING * * *
The wolf spider zombie closely misses you.
You are unable to access your magic!
Unknown command.
Unknown command.
You regain access to your magic.
Casting: Bolt of Magma
Confirm with . or Enter, or press ? or * to list all spells.
Aiming: Bolt of Magma
Press: ? - help, Shift-Dir - straight line, f - wolf spider zombie
Aim: a wolf spider zombie You feel a strong surge of power!
The bolt of magma misses the wolf spider zombie.
The wolf spider zombie hits you!
* * * LOW HITPOINT WARNING * * *
The wolf spider zombie misses you. The wolf spider zombie hits you!!
You die...

....##.##
.......
....##.#
.............#
....##.#
.............#
....##[#
.............#
....'..#
....Z..#
....####
......# #####
.>..
#########.#
#####
#.....@Z..#
.....
#+#########
..... .....
..... .....
..... .....
.....


You could see a wolf spider zombie.

Vanquished Creatures
  Jorgrun (Shoals:4)
  Kirke (Shoals:3)
  A frost giant (Shoals:4)
  A minotaur (Lab)
  A merfolk javelineer (Shoals:4)
  A merfolk impaler (Shoals:1)
  2 vault guards (D:14)
  4 hydras
  A merfolk avatar (Shoals:4)
  2 alligator snapping turtles (Shoals:4)
  2 merfolk aquamancers (Shoals:4)
  3 catoblepae (Lair:6)
  2 centaur warriors (D:13)
  14 death yaks (Lair:6)
  A fire crab (Lair:4)
  5 sea snakes
  6 unseen horrors
  A lindwurm (Lair:6)
  3 harpies
  A wolf spider (Lair:1)
  10 griffons
  5 elephants (Lair:4)
  4 black mambas
  5 sirens
  4 manticores
  2 centaur zombies
  6 water nymphs
  5 rime drakes
  7 spiny frogs
  7 komodo dragons
  A harpy zombie (D:14)
  17 merfolk
  4 trolls
  A wind drake (Shoals:1)
  A polar bear (Lair:4)
  A two-headed ogre (D:9)
  4 blink frogs (Lair:6)
  A dream sheep (Lair:4)
  7 snapping turtles
  5 shadows (Lab)
  A vampire (D:14)
  5 water elementals
  A wraith (D:11)
  4 wyverns (Lair:5)
  13 basilisks
  A hog (Shoals:3)
  Grum (Lair:1)
  A hungry ghost (D:8)
  32 yaks
  19 hippogriffs
  8 water moccasins
  6 porcupines
  An ice beast (D:11)
  3 orc warriors
  2 sky beasts
  3 slaves (D:5)
  A necrophage (D:10)
  A wasp (Lair:1)
  3 ogres
  7 wolves
  4 centaurs
  13 crocodiles
  A big kobold (D:13)
  9 giant frogs
  2 scorpions (D:9)
  22 killer bees
  8 wights
  2 spriggan skeletons (Lab)
  6 electric eels (D:13)
  A hound (D:9)
  2 jellies
  3 orc wizards
  A gnoll shaman (D:8)
  An orc priest (D:8)
  3 iguanas
  5 worker ants
  A worker ant zombie (D:9)
  5 gnolls (D:8)
  23 river rats
  12 adders
  2 shadow imps
  A worm (D:2)
  9 orcs
  A hobgoblin (D:3)
  3 jackals (D:11)
  7 kobolds
  4 quokkas
  2 bats
  A giant newt (D:3)
  A jackal zombie (D:5)
  4 rats
  A plant (D:8)
423 creatures vanquished.

Vanquished Creatures (collateral kills)
  Erolcha (D:11)
  A hell hound (Lair:5)
  A wolf (Lair:1)
  A giant frog (Lair:1)
  2 river rats (Lair:1)
6 creatures vanquished.

Vanquished Creatures (others)
  A cyclops (D:11)
  12 fungi
  9 plants
22 creatures vanquished.

Grand Total: 451 creatures vanquished

Notes
Turn   | Place    | Note
-------+----------+-------------------------------------------
     0 | D:1      | Charly the Deep Elf Fire Elementalist began the quest for the Orb.
     0 | D:1      | Reached XP level 1. HP: 10/10 MP: 6/6
   123 | D:2      | +6eva
   213 | D:2      | Reached skill level 2 in Conjurations
   213 | D:2      | Reached XP level 2. HP: 15/15 MP: 2/8
   349 | D:3      | Noticed an ogre
   359 | D:3      | Killed an ogre
   359 | D:3      | Reached skill level 4 in Conjurations
   359 | D:3      | Reached XP level 3. HP: 19/19 MP: 7/10
   359 | D:3      | Reached XP level 4. HP: 24/24 MP: 8/12
   385 | D:3      | Learned a level 3 spell: Conjure Flame
   418 | D:4      | Found a staircase to the Ecumenical Temple.
   450 | Temple   | Entered the Ecumenical Temple
   476 | Temple   | Became a worshipper of Sif Muna the Loreminder
   537 | D:5      | Entered Level 5 of the Dungeon
   544 | D:5      | Reached XP level 5. HP: 28/28 MP: 11/14
   575 | D:7      | Noticed a sky beast
   584 | D:7      | Killed a sky beast
   584 | D:7      | Reached skill level 5 in Spellcasting
   584 | D:7      | Reached skill level 5 in Conjurations
   591 | D:7      | Noticed an ogre
   595 | D:7      | Killed an ogre
   595 | D:7      | Reached XP level 6. HP: 7/32 MP: 8/16
   607 | D:6      | Learned a level 4 spell: Sticky Flame
   643 | D:6      | Found a glowing silver altar of Zin.
   680 | D:5      | Noticed Pikel
   680 | D:5      | Noticed a slave
   680 | D:5      | Noticed a slave
   680 | D:5      | Noticed a slave
   680 | D:5      | Noticed a slave
   692 | D:6      | Reached * piety under Sif Muna
   713 | D:6      | Reached skill level 6 in Conjurations
   760 | D:5      | Killed a slave
   767 | D:5      | Killed a slave
   773 | D:5      | Killed a slave
   970 | D:8      | Found Wanan's Armour Emporium.
  1082 | D:9      | Noticed a two-headed ogre
  1088 | D:9      | Killed a two-headed ogre
  1088 | D:9      | Reached skill level 7 in Conjurations
  1088 | D:9      | Reached XP level 7. HP: 36/36 MP: 13/18
  1188 | D:10     | Entered Level 10 of the Dungeon
  1191 | D:10     | Reached ** piety under Sif Muna
  1223 | D:9      | Learned a level 5 spell: Fireball
  1226 | D:9      | Noticed a hippogriff
  1230 | D:9      | Killed a hippogriff
  1236 | D:9      | Noticed a yak
  1238 | D:9      | Noticed a yak
  1253 | D:9      | Killed a yak
  1253 | D:9      | Reached skill level 8 in Conjurations
  1253 | D:9      | Reached XP level 8. HP: 41/41 MP: 11/20
  1334 | D:10     | Noticed Harold
  1342 | D:10     | Noticed a troll
  1354 | D:10     | Killed a troll
  1354 | D:10     | Reached *** piety under Sif Muna
  1354 | D:10     | Reached skill level 5 in Fire Magic
  1414 | D:10     | Reached skill level 1 in Invocations
  1477 | D:10     | Found Miuklub's Weapon Boutique.
  1594 | D:10     | Noticed a troll
  1611 | D:10     | Killed a troll
  1611 | D:10     | Reached skill level 5 in Invocations
  1611 | D:10     | Reached XP level 9. HP: 39/45 MP: 3/22
  1681 | D:9      | Reached skill level 9 in Conjurations
  1706 | D:9      | Found Bonorid's Armour Shoppe.
  1775 | D:11     | Noticed a cyclops
  1976 | D:11     | Noticed Erolcha
  1981 | D:11     | Reached skill level 10 in Conjurations
  1988 | D:11     | Killed Erolcha
  1988 | D:11     | Reached **** piety under Sif Muna
  1991 | D:11     | Noticed a cyclops
  2004 | D:11     | Killed a cyclops
  2036 | D:11     | Reached skill level 11 in Conjurations
  2089 | D:11     | Identified a scroll of acquirement
  2171 | D:12     | Noticed an unseen horror
  2174 | D:12     | Noticed an unseen horror
  2175 | D:12     | Killed an unseen horror
  2175 | D:12     | Reached skill level 10 in Spellcasting
  2175 | D:12     | Reached XP level 10. HP: 41/50 MP: 14/26
  2179 | D:12     | Killed an unseen horror
  2333 | D:10     | Noticed an unseen horror
  2342 | D:10     | Killed an unseen horror
  2342 | D:10     | Reached ***** piety under Sif Muna
  2434 | D:8      | Reached skill level 12 in Conjurations
  2497 | D:8      | Found a staircase to the Lair.
  2531 | Lair:1   | Entered Level 1 of the Lair of Beasts
  2531 | Lair:1   | Noticed Grum
  2537 | Lair:1   | Received a gift from Sif Muna
  2539 | Lair:1   | Killed Grum
  2659 | Lair:1   | Noticed a wolf spider
  2700 | Lair:1   | Noticed a black mamba
  2713 | Lair:1   | Killed a black mamba
  2743 | Lair:1   | Noticed a wolf spider
  2750 | Lair:1   | Killed a wolf spider
  2750 | Lair:1   | Reached XP level 11. HP: 25/54 MP: 15/28
  2766 | Lair:1   | Learned a level 6 spell: Dispersal
  2770 | Lair:1   | Noticed a six-headed hydra
  2777 | Lair:1   | Killed a six-headed hydra
  2839 | Lair:2   | Noticed a four-headed hydra
  2842 | Lair:2   | Killed a four-headed hydra
  2851 | Lair:2   | Reached skill level 5 in Translocations
  3193 | Lair:3   | Got a pitted brass ring
  3195 | Lair:3   | Identified the ring of Qoficver {Fire rPois MR+ Str-3 Slay+3} (You found it on level 3 of the Lair of Beasts)
  3537 | Lair:3   | Identified Sif Muna's Papyrus of the Sinister Compass (Sif Muna gifted it to you on level 3 of the Lair of Beasts)
  3537 | Lair:3   | Received a gift from Sif Muna
  3549 | Lair:3   | Learned a level 3 spell: Regeneration
  3555 | Lair:3   | Learned a level 4 spell: Passage of Golubria
  3556 | Lair:3   | 7%
  3577 | Lair:3   | Found a staircase to the Snake Pit.
  3590 | Lair:3   | Reached skill level 1 in Charms
  3782 | Lair:3   | Reached XP level 12. HP: 56/59 MP: 14/29
  3868 | Lair:5   | Reached skill level 13 in Conjurations
  4021 | Lair:6   | Entered Level 6 of the Lair of Beasts
  4049 | Lair:5   | Noticed a seven-headed hydra
  4139 | Lair:6   | Reached skill level 5 in Dodging
  4209 | Lair:6   | Noticed a six-headed hydra
  4220 | Lair:6   | Killed a six-headed hydra
  4273 | Lair:6   | Found a labyrinth entrance.
  4282 | Lair:6   | Noticed a catoblepas
  4308 | Lair:6   | Killed a catoblepas
  4339 | Lab      | Entered a labyrinth
  4660 | Lab      | Reached skill level 10 in Fire Magic
  4788 | Lab      | Noticed a minotaur
  4795 | Lab      | Killed a minotaur
  4798 | Lab      | Got a blackened ring mail
  4806 | Lab      | Learned a level 6 spell: Iron Shot
  4806 | Lab      | Identified the +3 ring mail of Circular Logic {Regen+ Int+4} (You found it in a labyrinth)
  4862 | Lair:6   | Noticed a catoblepas
  4867 | Lair:6   | Killed a catoblepas
  4867 | Lair:6   | Reached skill level 1 in Earth Magic
  4882 | Lair:6   | Noticed a death yak
  4883 | Lair:6   | Noticed a death yak
  4883 | Lair:6   | Noticed a death yak
  4884 | Lair:6   | Noticed a death yak
  4886 | Lair:6   | Noticed a death yak
  4892 | Lair:6   | Noticed a death yak
  4897 | Lair:6   | Killed a death yak
  4903 | Lair:6   | Killed a death yak
  4905 | Lair:6   | Killed a death yak
  4912 | Lair:6   | Noticed a death yak
  4917 | Lair:6   | Noticed a death yak
  4922 | Lair:6   | Killed a death yak
  4922 | Lair:6   | Reached skill level 14 in Conjurations
  4922 | Lair:6   | Reached XP level 13. HP: 63/63 MP: 16/32
  4962 | Lair:6   | Learned a level 5 spell: Bolt of Magma
  4964 | Lair:6   | -###
  4964 | Lair:6   | 2/22
  4985 | Lair:6   | Reached skill level 5 in Earth Magic
  5242 | Lair:6   | 2/23
  5331 | Lair:6   | Found a deep blue altar of Sif Muna.
  5430 | Lair:6   | 63hp
  5468 | Lair:5   | Reached skill level 1 in Fighting
  5745 | Lair:4   | Found a staircase to the Shoals.
  5756 | Lair:4   | Learned a level 7 spell: Orb of Destruction
  5762 | Shoals:1 | Entered Level 1 of the Shoals
  5770 | Shoals:2 | Reached XP level 14. HP: 72/72 MP: 28/34
  5826 | Shoals:1 | Reached skill level 15 in Conjurations
  5862 | Shoals:1 | 72hp
  6100 | Shoals:2 | Noticed a kraken
  6212 | Shoals:2 | 2/23
  6239 | Shoals:3 | Found Vassouha's Antique Armour Shop.
  6259 | Shoals:3 | Bought a twisted cloak for 323 gold pieces
  6269 | Shoals:3 | Identified the -6 cloak of the Hills {*Contam Dex+6 Slay+5} (You bought it in a shop on level 3 of the Shoals)
  6324 | Shoals:3 | Found Wyinyl Ugg's Jewellery Shoppe.
  6372 | Shoals:3 | Found Ceitwox's Assorted Antiques.
  6382 | Shoals:3 | Learned a level 2 spell: Repel Missiles
  6389 | Shoals:3 | Found a flickering gateway to a bazaar.
  6396 | Shoals:3 | Identified the Collected Works on Cloudy Summoning
  6402 | Shoals:3 | Noticed Roxanne
  6405 | Bazaar   | Entered a bazaar
  6430 | Bazaar   | Found Feggein's Weapon Boutique.
  6446 | Bazaar   | Found Dughuodese's Weapon Shoppe.
  6526 | Bazaar   | Found Imyforen's Armour Emporium.
  6548 | Bazaar   | Found Myza's Magic Scroll Boutique.
  6572 | Bazaar   | Found Qireaq's General Store.
  6577 | Bazaar   | Bought a scroll of identify for 26 gold pieces
  6598 | Bazaar   | Bought a scroll of identify for 20 gold pieces
  6598 | Bazaar   | Bought a scroll of teleportation for 30 gold pieces
  6598 | Bazaar   | Bought a scroll of fog for 20 gold pieces
  6598 | Bazaar   | Bought a scroll of teleportation for 30 gold pieces
  6598 | Bazaar   | Bought a scroll of identify for 20 gold pieces
  6620 | Bazaar   | Bought the cursed +1 robe of Love and Death {rF+ rC+} for 189 gold pieces
  6620 | Bazaar   | Bought a +0 buckler of poison resistance for 68 gold pieces
  6669 | Shoals:3 | Found Goidood's Food Emporium.
  6673 | Shoals:4 | Entered Level 4 of the Shoals
  6725 | Shoals:3 | Bought a runed cloak for 153 gold pieces
  6775 | Shoals:3 | Noticed Kirke
  6787 | Shoals:3 | Killed Kirke
  6829 | Shoals:4 | 6/24
  6982 | Shoals:4 | Noticed Jorgrun
  7001 | Shoals:4 | Killed Jorgrun
  7001 | Shoals:4 | Reached skill level 15 in Spellcasting
  7050 | Shoals:4 | Noticed a frost giant
  7103 | Shoals:4 | Killed a frost giant
  7137 | Shoals:4 | Reached skill level 16 in Conjurations
  7139 | Shoals:4 | Noticed Ilsuiw
  7295 | Shoals:4 | Noticed a kraken
  7418 | Shoals:3 | Reached XP level 15. HP: 44/78 MP: 5/36
  7503 | Shoals:4 | Got a barnacled rune of Zot
  7811 | D:13     | Reached skill level 1 in Shields
  8073 | D:15     | Entered Level 15 of the Dungeon
  8123 | D:14     | Noticed Nessos
  8183 | D:14     | Found a gate to the Vaults.
  8208 | D:14     | Slain by a wolf spider zombie

Vault maps used:
D:1:      onia_arrival_larder
D:2:      lemuel_upstairs_altar, uniq_sigmund
D:4:      minmay_diamond_boxcup, uniq_blork_the_orc, uniq_crazy_yiuf_cottage
D:5:      first_bread, nicolae_ru_the_path_less_chosen, uniq_pikel
D:6:      minmay_goblin_kobold_castle, basic_altar
D:8:      david_lair_shrubbed, basic_altar, serial_shops, nicolae_shop_stone
D:9:      lemuel_troll_bridge, serial_shops, shop, uniq_erica
D:10:     serial_shops, shop_fountains, uniq_harold
D:11:     serial_shops, nicolae_shop_temple_entry_statues_fountains,
          serial_curves, eino_curves_04, eino_curves_03, grunt_tengu_nest,
          eino_curves_03, st_stairs_8, uniq_erolcha
D:12:     orc_0_dummy, st_stairs_14
D:13:     minmay_misc_feat_more_columns
D:14:     erik_vaults_2, serial_park_tiny_pond, uniq_nessos
D:15:     grunt_enter_depths_giant_problem, minivault_25, uniq_azrael
Temple:   nicolae_temple_the_god_donut
Lair:1:   minmay_lair_venomous_thicket, uniq_grum
Lair:2:   beast_lair_carwin_1
Lair:3:   guppyfry_snake_entry_garden, special_room,
          cheibrodos_lair_reptile_den, lemuel_fruit_fields
Lair:4:   elwin_shoals_entry_rocks
Lair:5:   st_stairs_8
Lair:6:   evilmike_catoblepas_cave, dpeg_slime_entry_corner, lab_entry_generic,
          lemuel_oklob_altar, grunt_megastairs_2
Shoals:2: nicolae_shoals_kraken_intersection
Shoals:3: serial_shops, bzr_entry_water, nicolae_shop_overgrown_old_shop,
          nicolae_shop_statue_plus, shop, shop, hangedman_shoal_volcano,
          uniq_kirke, uniq_roxanne
Shoals:4: shoals_end_grunt_ice, shoal_ilsuiw, uniq_jorgrun
Lab:      labyrinth_mini_lab, labyrinth_fake_exit, lab_block,
          nicolae_lab_starburst, nicolae_lab_flowing_pool, nicolae_lab_lava,
          nicolae_lab_grate_2, nicolae_lab_statue, labyrinth_skeletal_remains
Bazaar:   bazaar_jpeg_circle_rare_5

Skill      XL: |  1  2  3  4  5  6  7  8  9 10 11 12 13 14 15 |
---------------+----------------------------------------------+-----
Conjurations   | 2 4 5 7 8 11 12 14 16 | 16.3
Spellcasting   | 4 5 6 7 10 11 13 14 15 | 15.7
Fire Magic     | 4 5 6 8 10 12 | 12.3
Invocations    | 5 |  5.4
Dodging        | 3 6 7 9 |  9.7
Translocations | 9 |  9.7
Charms         | 2 |  2.2
Earth Magic    | 3 7 |  7.6
Fighting       | 2 3 |  3.0
Shields        | 1 |  1.9
Stealth        | |  2.4

Action                   |  1- 3 |  4- 6 |  7- 9 | 10-12 | 13-15 || total
-------------------------+-------+-------+-------+-------+-------++-------
Melee: Staff             |       |       |       |     1 |     1 ||     2
 Fire: Blowgun           |     2 |    11 |     6 |     5 |       ||    24
 Cast: Flame Tongue      |    22 |    38 |    95 |   184 |     5 ||   344
       Conjure Flame     |       |     4 |     9 |    15 |     3 ||    31
       Sticky Flame      |       |     1 |    11 |    67 |    23 ||   102
       Fireball          |       |       |     4 |   103 |    78 ||   185
       Regeneration      |       |       |       |     9 |    24 ||    33
       Dispersal         |       |       |       |     4 |    12 ||    16
       Iron Shot         |       |       |       |     7 |    14 ||    21
       Passage of Golubr |       |       |       |     4 |    14 ||    18
       Bolt of Magma     |       |       |       |       |   122 ||   122
       Orb of Destructio |       |       |       |       |    48 ||    48
       Repel Missiles    |       |       |       |       |     3 ||     3
Invok: Channel Magic     |       |       |     4 |    29 |    48 ||    81
       Divine Energy     |       |       |       |     1 |       ||     1
Evoke: Wand              |       |    10 |     5 |    17 |     7 ||    39
       Lamp of fire      |       |       |       |     1 |     1 ||     2
       Sack of spiders   |       |       |       |     9 |       ||     9
       Phial of floods   |       |       |       |       |     1 ||     1
  Use: Scroll            |       |     5 |    10 |    12 |    12 ||    39
       Potion            |       |       |       |     5 |     5 ||    10
  Eat: Pizza             |       |     1 |       |     1 |       ||     2
       Bread ration      |       |       |     1 |     3 |     1 ||     5
       Beef jerky        |       |       |     1 |     2 |     1 ||     4
       Chunk             |       |       |       |     9 |    34 ||    43
       Fruit             |       |       |       |     7 |       ||     7
       Meat ration       |       |       |       |       |     2 ||     2
       Royal jelly       |       |       |       |       |     1 ||     1
Armor: Robe              |     1 |     2 |     1 |     9 |     7 ||    20
       Skin              |       |       |       |       |    28 ||    28
Dodge: Dodged            |     6 |    11 |    30 |   120 |   135 ||   302
       Deflected         |       |       |       |       |    13 ||    13
